 Dungeon Crawl Stone Soup version 0.27-a0-96-gb51a1d6fd6 (webtiles) character file.

Game seed: 11462261931292133186

26791 knot the Severer (level 13, 54/86 HPs)
             Began as a Demonspawn Berserker on Jan 19, 2021.
             Was a Priest of Trog.
             Quit the game on level 4 of the Lair of Beasts.
             The game lasted 00:43:31 (21906 turns).

knot the Severer (Demonspawn Berserker)            Turns: 21906, Time: 00:43:32

Health: 54/86      AC: 11    Str: 22    XL:     13   Next: 0%
Magic:  15/22      EV: 11    Int: 20    God:    Trog [***...]
Gold:   1340       SH:  8    Dex: 16    Spells: 12/12 levels left

rFire    + . .     SeeInvis +   C - +5 trident "Ries" {venom, rF+ SInv}
rCold    . . .     Faith    .   f - +5 buckler "Vighusin" {rPois Str+4 Dex+4}
rNeg     . . .     Spirit   +   P - +2 steam dragon scales
rPois    +         Reflect  .   (helmet unavailable)
rElec    .         Harm     .   k - +0 cloak
rCorr    .         Rampage  .   (no gloves)
Will     .....                  a - +0 pair of boots
Stlth    +.........             (no amulet)
HPRegen  3.24/turn              y - +6 ring of intelligence
MPRegen  0.36/turn              G - ring of magical power

@: no status effects
A: horns 3, yellow scales 1, see invisible, powered by death 2, magic shield,
magic regeneration
a: Renounce Religion, Berserk, Trog's Hand


You were on level 4 of the Lair of Beasts.
You worshipped Trog.
Trog was most pleased with you.
You visited 2 branches of the dungeon, and saw 15 of its levels.
You also visited: Ossuary and Bailey.

You collected 1443 gold pieces.
You spent 103 gold pieces at shops.

Inventory:

Hand Weapons
 C - the +5 trident "Ries" (weapon) {venom, rF+ SInv}
   (You took it off a gnoll sergeant on level 8 of the Dungeon)

   It poisons the flesh of those it strikes.
   It protects you from fire.
   It lets you see invisible.
 I - the +4 hand axe of the Jester {venom, rF+}
   (You found it on level 10 of the Dungeon)

   It poisons the flesh of those it strikes.
   It protects you from fire.
 L - a +0 battleaxe
Missiles
 d - 9 poisoned darts
 l - 2 boomerangs (quivered)
 t - 90 sling bullets
 H - 5 curare-tipped darts
 J - 2 silver javelins
 K - 4 boomerangs of dispersal
Armour
 a - a +0 pair of boots (worn)
 f - the +5 buckler "Vighusin" (worn) {rPois Str+4 Dex+4}
   (You found it on level 4 of the Lair of Beasts)

   It affects your strength (+4).
   It affects your dexterity (+4).
   It protects you from poison.
 k - a +0 cloak (worn)
 D - the +6 scale mail of Proximity {rF++ rN++ Slay-6}
   (You took it off a gnoll sergeant on level 8 of the Dungeon)

   It affects your accuracy and damage with ranged weapons and melee attacks
   (-6).
   It greatly protects you from fire.
   It greatly protects you from negative energy.
 P - +2 steam dragon scales (worn)
Jewellery
 p - the ring "Wohokhu" {*Contam rPois rN+ MP+9 Str+4}
   (You took it off a gnoll on level 8 of the Dungeon)

   [ring of poison resistance]

   It affects your strength (+4).
   It protects you from poison.
   It protects you from negative energy.
   It affects your magic capacity (+9).
   It causes magical contamination when unequipped.
 s - an uncursed amulet of faith
 y - a +6 ring of intelligence (left hand)
 G - a ring of magical power (right hand)
 N - an uncursed ring of magical power
 O - the ring of Ewowir {+Inv +Fly rN+ Will- Str+6}
   (You found it in a bailey)

   [ring of strength]

   It affects your strength (+6).
   It protects you from negative energy.
   It affects your willpower, your defense against some magical effects.
   It lets you turn invisible.
   It lets you fly.
 W - an uncursed amulet of reflection {unknown}
Wands
 i - a wand of enslavement (8)
 r - a wand of paralysis (12)
 w - a wand of flame (39)
 x - a wand of polymorph (5)
 Q - a wand of random effects (22)
 Z - a wand of acid (6)
Scrolls
 c - 4 scrolls of magic mapping
 e - 3 scrolls of fear
 g - 3 scrolls of teleportation
 h - 4 scrolls of amnesia
 m - 8 scrolls of remove curse
 n - 6 scrolls of enchant armour
 E - 9 scrolls of identify
 S - 2 scrolls of enchant weapon
 U - a scroll of fog
Potions
 b - 4 potions of flight
 o - 6 potions of curing
 q - 4 potions of lignification
 u - 5 potions of heal wounds
 v - 2 potions of brilliance
 z - 2 potions of cancellation
 A - 3 potions of mutation
 B - a potion of attraction
 F - a potion of berserk rage
 M - 3 potions of haste {unknown}
 R - 2 potions of magic {unknown}
 T - 7 potions of ambrosia
 Y - a potion of invisibility
Miscellaneous
 V - a phantom mirror
 X - a condenser vane


   Skills:
 - Level 3.0 Fighting
 * Level 16.3 Axes
 * Level 10.9 Throwing
 - Level 1.7 Armour
 - Level 1.7 Dodging


You had 12 spell levels left.
You didn't know any spells.
Your spell library contained the following spells:

 Spells                   Type           Power        Failure   Level
 Magic Dart               Conj           0%           32%         1
 Sandblast                Erth           0%           32%         1
 Sting                    Tmut/Pois      0%           32%         1
 Blink                    Tloc           N/A          43%         2
 Call Imp                 Summ           0%           43%         2
 Passwall                 Tmut/Erth      0%           43%         2
 Poisonous Vapours        Pois/Air       0%           43%         2
 Slow                     Hex            0%           43%         2
 Conjure Flame            Conj/Fire      0%           67%         3
 Ignite Poison            Fire/Tmut/Pois 0%           67%         3
 Mephitic Cloud           Conj/Pois/Air  0%           67%         3
 Stone Arrow              Conj/Erth      0%           67%         3
 Olgreb's Toxic Radiance  Pois           0%           97%         4
 Petrify                  Tmut/Erth      0%           97%         4
 Lee's Rapid Deconstruct  Erth           0%           100%        5


Dungeon Overview and Level Annotations

Branches:
Dungeon (11/15)            Temple (0/1) D:4            Lair (4/6) D:9
 Shoals (0/4) Lair:3        Snake (0/4) Lair:2      Ossuary (visited)
 Bailey (visited)
    Orc: D:9-12

Altars:
Cheibriados
Gozag
Hepliaklqana
The Shining One

Shops:
D:4 ?   D:6 [   D:7 }   D:8 ((*(*

Annotations:
Lair:2 3 runed translucent doors, louisi3's ghost, journeyman DrBe


Innate Abilities, Weirdness & Mutations

You have a pair of large horns on your head.
You are partially covered in yellow scales. (AC +2)
You regenerate health from kills.
When hurt, damage is shared between your health and your magic reserves.
You regenerate magic rapidly.
You have supernaturally acute eyesight. (SInv)


Message History

You hit the death yak but do no damage.
The death yak looks even sicker.
The death yak is heavily wounded.
Your ogre hits the death yak with a +0 giant spiked club!!
The death yak gores your ogre.
You catch the helpless death yak completely off-guard!
You hit the death yak but do no damage.
The death yak is almost dead.
Your ogre barely misses the death yak.
You hit the death yak.
The death yak looks as sick as possible!
You headbutt the death yak.
The death yak is almost dead.
The death yak gores you.
You completely miss the death yak. You headbutt the death yak.
You kill the death yak!
Trog accepts your kill.
You have reached level 13!
Your demonic ancestry asserts itself...
Your mutations feel more permanent.
Are you sure you want to abandon this character and quit the game? (Confirm with "yes".)

##..≈≈≈≈≈≈.............####..
#P.≈≈≈≈≈≈.#.##..............
#....≈≈..####.....#P.##..#..
##.#....P.#..#.......(......
#...........##.......####.#
####.........##...#.## ##
#.#..#........<...##
########O†.#P....#.#
#@###.......# #.# ##..##..# ##.#
#....#..# ###############..#
##..###.# P#....##.##P##P..#
##..##†.## ##
.......).........##....#.#..##.#
..#..#P#.#.####..............P.##
###.#########.#............#...P#
### #.#.P....#..?..........


You could see a friendly ogre (summoned, berserk).

Vanquished Creatures
  Erolcha (D:10)
  A boulder beetle (D:11)
  2 hydras
  A two-headed ogre (D:9)
  The ghost of christhawk the Destroyer, a novice DrCj of Vehumet (D:8)
  2 death yaks (Lair:4)
  Sonja (Lair:2)
  An unseen horror (D:8)
  Pikel (D:6)
  A cyclops (D:11)
  A black mamba (Lair:1)
  A guardian serpent (Lair:2)
  Joseph (D:7)
  3 cane toads
  A torpor snail (Lair:4)
  Maggie (D:8)
  2 komodo dragons
  2 trolls (D:11)
  A queen bee (Lair:1)
  2 hornets
  3 blink frogs (Lair:2)
  An air elemental (D:10)
  Sigmund (D:3)
  A snapping turtle (Lair:3)
  2 wyverns
  31 yaks
  A water elemental (D:10)
  A fire elemental (D:9)
  Menkaure (D:7)
  Duvessa (D:7)
  4 water moccasins
  4 ice beasts
  6 orc warriors
  2 black bears
  2 phantoms
  2 sky beasts
  A necrophage (D:6)
  2 ogres
  10 wolves
  5 centaurs
  A big kobold (D:8)
  A wyvern zombie (D:6)
  9 bullfrogs
  An earth elemental (D:10)
  Dowan (D:7)
  4 scorpions
  30 killer bees
  12 wights
  A howler monkey (D:4)
  2 bullfrog zombies
  A centaur zombie (D:11)
  7 orc priests
  2 centaur skeletons
  5 hounds
  2 jellies
  4 orc wizards
  3 bullfrog skeletons
  3 iguanas
  9 worker ants
  A bullfrog simulacrum (D:11)
  3 hound skeletons
  8 mummies (Ossuary)
  A worker ant zombie (D:7)
  11 adders
  12 gnolls
  2 white imps (D:5)
  2 oozes
  3 adder zombies
  An adder skeleton (D:8)
  2 dart slugs
  4 leopard geckos
  36 orcs
  2 ball pythons (D:3)
  6 giant cockroaches
  2 gnoll zombies (Ossuary)
  13 goblins
  8 hobgoblins
  8 jackals
  3 quokkas
  11 bats
  6 frilled lizards
  A goblin zombie (D:8)
  3 hobgoblin zombies (Ossuary)
  18 kobolds
  3 kobold zombies (Ossuary)
  A quokka zombie (D:8)
  9 rats
386 creatures vanquished.

Vanquished Creatures (collateral kills)
  A death yak (Lair:4)
  2 orc knights (Bailey)
  An ugly thing (D:11)
  A cane toad (Lair:3)
  A komodo dragon (D:9)
  A wyvern (Lair:3)
  A wraith (D:10)
  2 orc warriors
  A sky beast (D:8)
  A black bear (D:8)
  A bullfrog (D:8)
  3 gnoll sergeants (D:8)
  4 wights (D:8)
  A jelly (D:11)
  A gnoll shaman (D:8)
  2 orc wizards
  7 gnolls (D:8)
  3 orcs
34 creatures vanquished.

Vanquished Creatures (others)
  An orc knight (Bailey)
  An orc warrior (Bailey)
  10 fungi
  29 plants
41 creatures vanquished.

Grand Total: 461 creatures vanquished

Notes
Turn   | Place    | Note
-------+----------+-------------------------------------------
     0 | D:1      | knot the Demonspawn Berserker began the quest for the Orb.
     0 | D:1      | Reached XP level 1. HP: 18/18 MP: 1/1
    81 | D:1      | Reached skill level 3 in Axes
   255 | D:1      | Gained mutation: You regenerate a little health from kills.
                  | [demonic ancestry]
   255 | D:1      | Reached XP level 2. HP: 20/24 MP: 2/2
   716 | D:1      | Reached XP level 3. HP: 29/29 MP: 3/3
   871 | D:1      | Found a snail-covered altar of Cheibriados.
   911 | D:1      | Reached skill level 4 in Axes
  1004 | D:1      | Reached ** piety under Trog
  1222 | D:2      | Noticed an ogre
  1229 | D:2      | Killed an ogre
  1230 | D:2      | Reached skill level 5 in Axes
  1230 | D:2      | Gained mutation: You have a pair of small horns on your
                  | head. [demonic ancestry]
  1230 | D:2      | Reached XP level 4. HP: 22/35 MP: 4/4
  1423 | D:2      | Gained mutation: When hurt, damage is shared between your
                  | health and your magic reserves. [demonic ancestry]
  1423 | D:2      | Reached XP level 5. HP: 41/41 MP: 5/5
  2121 | D:3      | Found an opulent altar of Gozag.
  2167 | D:3      | Reached *** piety under Trog
  2233 | D:3      | Reached skill level 6 in Axes
  2553 | D:3      | Noticed Sigmund
  2554 | D:3      | Gained mutation: You have a pair of horns on your head.
                  | [demonic ancestry]
  2554 | D:3      | Reached XP level 6. HP: 44/47 MP: 6/6
  3385 | D:4      | Found a staircase to the Ecumenical Temple.
  3475 | D:4      | Reached skill level 7 in Axes
  4114 | D:4      | Reached XP level 7. HP: 50/52 MP: 5/7
  4420 | D:4      | Found Luxysuen's Magic Scroll Shoppe.
  4425 | D:4      | Bought a scroll of magic mapping for 45 gold pieces
  4556 | D:3      | Killed Sigmund
  4557 | D:3      | Reached skill level 8 in Axes
  4708 | D:5      | Entered Level 5 of the Dungeon
  5132 | D:5      | Reached **** piety under Trog
  5374 | D:5      | Found a glowing golden altar of the Shining One.
  5554 | D:6      | Found Kakirona's Antique Armour Boutique.
  5798 | D:6      | Reached skill level 9 in Axes
  5798 | D:6      | Gained mutation: You regenerate magic rapidly. [demonic
                  | ancestry]
  5798 | D:6      | Reached XP level 8. HP: 51/58 MP: 8/8
  5986 | D:6      | Noticed Pikel
  6022 | D:6      | Killed Pikel
  6023 | D:6      | Reached skill level 10 in Axes
  6212 | D:6      | Reached skill level 11 in Axes
  6212 | D:6      | Gained mutation: You have a pair of large horns on your
                  | head. [demonic ancestry]
  6212 | D:6      | Reached XP level 9. HP: 63/63 MP: 7/9
  6795 | D:6      | Reached skill level 12 in Axes
  7179 | D:6      | Found a hazy altar of Hepliaklqana.
  7526 | D:7      | Noticed Duvessa
  7526 | D:7      | Noticed Dowan
  7556 | D:7      | Killed Duvessa
  7563 | D:7      | Killed Dowan
  8052 | D:7      | Noticed Joseph
  8052 | D:7      | Noticed Menkaure
  8780 | D:7      | Killed Menkaure
  8917 | D:7      | Killed Joseph
  9134 | D:7      | Reached skill level 13 in Axes
  9226 | D:7      | Found Waahuq's Gadget Boutique.
  9327 | D:7      | Gained mutation: You regenerate health from kills. [demonic
                  | ancestry]
  9327 | D:7      | Reached XP level 10. HP: 53/70 MP: 6/10
  9503 | D:8      | Found a sand-covered staircase.
  9513 | Ossuary  | Entered an ossuary
 10329 | D:8      | Reached skill level 1 in Throwing
 10694 | D:8      | Killed an unseen horror
 10913 | D:8      | Identified the +5 trident "Ries" {venom, rF+ SInv}
 10913 | D:8      | Identified the +6 scale mail of Proximity {rF++ rN++
                  | Slay-6}
 10925 | D:8      | Found a transporter.
 11023 | D:8      | Found Koaxen's Assorted Antiques.
 11027 | D:8      | Noticed Maggie
 11041 | D:8      | Killed Maggie
 11101 | D:8      | Bought a fizzy amethyst potion for 27 gold pieces
 11101 | D:8      | Bought a scroll labelled CEN MINNAI for 31 gold pieces
 11597 | D:8      | Found Heluy's Antique Weapon Boutique.
 11612 | D:8      | Found Fulub's Weapon Emporium.
 11666 | D:8      | Found Ketrakar's Assorted Antiques.
 11686 | D:8      | Found a transporter.
 11690 | D:8      | Identified the ring "Wohokhu" {*Contam rPois rN+ MP+9
                  | Str+4}
 11702 | D:8      | Noticed christhawk's ghost (novice DrCj)
 11906 | D:8      | Found Ziun's Antique Weapon Shop.
 12068 | D:8      | Gained mutation: You have supernaturally acute eyesight.
                  | (SInv) [potion of mutation]
 12068 | D:8      | Gained mutation: You are partially covered in yellow
                  | scales. (AC +2) [potion of mutation]
 12139 | D:8      | Killed christhawk's ghost
 12411 | D:9      | Reached skill level 14 in Axes
 12416 | D:9      | Reached skill level 5 in Throwing
 12441 | D:9      | Found a staircase to the Lair.
 12515 | D:9      | Noticed a two-headed ogre
 12526 | D:9      | Killed a two-headed ogre
 12527 | D:9      | Reached XP level 11. HP: 65/75 MP: 5/11
 12683 | D:9      | Paralysed by a hornet for 1 turns
 12687 | D:9      | Paralysed by a hornet for 3 turns
 13239 | D:10     | Entered Level 10 of the Dungeon
 13280 | D:10     | Found a large runed translucent door.
 13281 | D:10     | Found a large runed translucent door.
 13315 | D:10     | Noticed Erolcha
 13325 | D:10     | Killed Erolcha
 13480 | D:10     | Got a bloodstained hand axe
 13481 | D:10     | Identified the +4 hand axe of the Jester {venom, rF+} (You
                  | found it on level 10 of the Dungeon)
 15147 | D:11     | Found a flagged portal.
 15190 | Bailey   | Entered a bailey
 15396 | Bailey   | Noticed an orc knight
 15396 | Bailey   | Noticed an orc knight
 15397 | Bailey   | Noticed an orc knight
 15421 | Bailey   | Killed an orc knight
 15439 | Bailey   | Killed an orc knight
 15827 | Bailey   | Got a heavily runed amber ring
 15858 | Bailey   | Identified the ring of Ewowir {+Inv +Fly rN+ Will- Str+6}
                  | (You found it in a bailey)
 15970 | D:11     | Noticed a boulder beetle
 15988 | D:11     | Killed a boulder beetle
 16064 | D:11     | Noticed a red ugly thing
 16072 | D:11     | Killed a red ugly thing
 16248 | D:11     | Reached skill level 15 in Axes
 17292 | Lair:1   | Entered Level 1 of the Lair of Beasts
 17345 | Lair:1   | Reached XP level 12. HP: 81/81 MP: 12/12
 17514 | Lair:1   | Found a glowing golden altar of the Shining One.
 18227 | Lair:1   | Noticed an eight-headed hydra
 18248 | Lair:1   | Killed an eight-headed hydra
 18996 | Lair:2   | Found a runed translucent gate.
 19115 | Lair:2   | Found a staircase to the Snake Pit.
 19317 | Lair:2   | Noticed Sonja
 19333 | Lair:2   | Killed Sonja
 19334 | Lair:2   | Reached skill level 10 in Throwing
 19680 | Lair:2   | Found a runed translucent gate.
 19680 | Lair:2   | Found a runed translucent gate.
 19682 | Lair:2   | Noticed louisi3's ghost (journeyman DrBe)
 20530 | Lair:3   | Reached skill level 16 in Axes
 20943 | Lair:3   | Noticed a four-headed hydra
 20951 | Lair:3   | Killed a four-headed hydra
 21057 | Lair:3   | Found a staircase to the Shoals.
 21612 | Lair:4   | Got a spiked buckler
 21618 | Lair:4   | Identified the +5 buckler "Vighusin" {rPois Str+4 Dex+4}
                  | (You found it on level 4 of the Lair of Beasts)
 21873 | Lair:4   | Noticed a death yak
 21873 | Lair:4   | Noticed a death yak
 21873 | Lair:4   | Noticed a death yak
 21899 | Lair:4   | Killed a death yak
 21900 | Lair:4   | Killed a death yak
 21905 | Lair:4   | Killed a death yak
 21906 | Lair:4   | Mutation became permanent: You are partially covered in
                  | yellow scales. (AC +2) [demonic ancestry]
 21906 | Lair:4   | Gained mutation: You are partially covered in yellow
                  | scales. (AC +2) [demonic ancestry]
 21906 | Lair:4   | Reached XP level 13. HP: 54/86 MP: 13/13
 21906 | Lair:4   | Quit the game

Illustrated notes

Levels and vault maps discovered:
D:1:      lightli_arrival_maybe_door_vault, layout_loops_ring,
          cheibriados_altar_1
D:2:      layout_basic, minmay_tall_x
D:3:      layout_basic, nicolae_gozag_seed_capital, uniq_sigmund
D:4:      layout_layer_cave, minmay_temple_entry_junction, serial_shops,
          nicolae_shop_trees
D:5:      black_bear_nest_1, layout_cave_pods, nicolae_tso_swordbearing_angel
D:6:      layout_rooms, lemuel_crystal_altar, serial_shops, shop, kb_rosetta,
          uniq_pikel
D:7:      layout_loops_cross, serial_shops, shop, uniq_menkaure, uniq_duvessa,
          uniq_joseph
D:8:      layout_basic, enter_ossuary_4, gammafunk_ghost_gnarly_gnolls,
          serial_shops, shop, shop, nicolae_shop_behind_doors, shop,
          nicolae_shop_statue_plus, uniq_maggie
D:9:      layout_rooms, david_lair_shrubbed
D:10:     layout_basic, minmay_misc_feat_rugged, lightli_elemental_guards,
          uniq_erolcha
D:11:     layout_loops_ring, enter_bailey_5, hangedman_weighted_door
Lair:1:   layout_roguey [special_room_bee], basic_altar, grunt_megastairs_5
Lair:2:   layout_roguey, minmay_snake_entry_spellcaster,
          gammafunk_ghost_necromancy, uniq_sonja
Lair:3:   layout_hall_layers, minmay_shoals_entry_hut
Lair:4:   layout_loops_ring, minmay_lair_oklob_chamber,
          infiniplex_staircase_pool, serial_bayou_shore_b

Skill      XL: |  1  2  3  4  5  6  7  8  9 10 11 12 |
---------------+-------------------------------------+-----
Axes           | 3 5 6 7 9 11 13 14 15 16 | 16.3
Throwing       | 5 8 10 | 10.9
Fighting       | |  3.0
Armour         | |  1.7
Dodging        | |  1.7

Action                   |  1- 3 |  4- 6 |  7- 9 | 10-12 | 13-15 || total
-------------------------+-------+-------+-------+-------+-------++-------
Melee: Hand axe          |    95 |   161 |       |    85 |       ||   341
       Headbutt          |       |    34 |    43 |   135 |       ||   212
       War axe           |       |    10 |       |    50 |       ||    60
       Spear             |       |     7 |   299 |    63 |       ||   369
       Trident           |       |       |       |   559 |       ||   559
       Battleaxe         |       |       |       |    30 |       ||    30
Throw: Dart              |       |    25 |    23 |    28 |       ||    76
       Stone             |       |       |       |    32 |       ||    32
       Boomerang         |       |       |       |    21 |       ||    21
Invok: Berserk           |     2 |     4 |     8 |    18 |       ||    32
       Trog's Hand       |       |     1 |     4 |     2 |       ||     7
       Brothers in Arms  |       |       |       |    13 |       ||    13
Evoke: Wand              |       |       |       |    21 |       ||    21
  Use: Potion            |       |     4 |     2 |     7 |       ||    13
       Scroll            |       |     3 |     9 |    13 |       ||    25
 Stab: Invisible         |       |     3 |       |       |       ||     3
       Distracted        |       |       |     1 |     6 |       ||     7
       Sleeping          |       |       |       |     3 |       ||     3
Armor: Animal skin       |     9 |       |       |       |       ||     9
       Ring mail         |    27 |    66 |    60 |    41 |       ||   194
       Skin              |       |       |     5 |       |       ||     5
       Steam dragon scal |       |       |       |   174 |       ||   174
Dodge: Dodged            |    72 |   127 |   113 |   330 |       ||   642
Block: Buckler           |       |       |       |    17 |       ||    17

Table legend: (Time is in decaauts)
 A = Elapsed time spent in this place.
 B = Non-inter-level travel time spent in this place.
 C = Inter-level travel time spent in this place.
 D = Time resting spent in this place.
 E = Time spent auto-exploring this place.
 F = Levels seen in this place.
 G = Mean time per level.
                   A        B        C        D        E       F      G
               +--------+--------+--------+--------+--------+-----+--------+
         Total |  22010 |  21489 |    521 |   8100 |  10192 |  17 | 1294.7 |
       Dungeon |  16057 |  15580 |    477 |   5576 |   7657 |  11 | 1459.7 |
          Lair |   4586 |   4542 |     44 |   2012 |   2026 |   4 | 1146.5 |
       Ossuary |    658 |    658 |      0 |    344 |    190 |   1 |  658.0 |
        Bailey |    708 |    708 |      0 |    167 |    319 |   1 |  708.0 |
               +--------+--------+--------+--------+--------+-----+--------+

Top non-repeatable levels by time:
     D:6: 2082 daAuts
     D:7: 1926 daAuts
     D:8: 1876 daAuts
     D:4: 1549 daAuts
    D:10: 1544 daAuts
  Lair:1: 1396 daAuts
     D:9: 1384 daAuts
    D:11: 1377 daAuts
     D:1: 1366 daAuts
  Lair:3: 1241 daAuts
  Lair:2: 1231 daAuts
     D:3: 1078 daAuts
     D:5: 1068 daAuts
     D:2: 802 daAuts
  Lair:4: 716 daAuts
